 Dungeon Crawl Stone Soup version 0.24-a0-203-gf0bc1e9 (webtiles) character file.

Game seed: 4352870565161454586

823 Borgoz the Skirmisher (level 7, -1/44 HPs)
             Began as a Gargoyle Gladiator on Mar 27, 2019.
             Slain by an orc
             ... wielding a +0 mace
              (6 damage)
             ... on level 5 of the Dungeon.
             The game lasted 00:08:14 (4757 turns).

Borgoz the Skirmisher (Gargoyle Gladiator)          Turns: 4757, Time: 00:08:15

Health: -1/44      AC: 19    Str: 18    XL:     7   Next: 96%
Magic:  7/7        EV:  8    Int: 13    God:
Gold:   261        SH: 10    Dex: 13    Spells: 6/6 levels left

rFire    . . .     SeeInvis .   a - +0 rapier
rCold    + . .     Gourm    .   q - +2 shield
rNeg     + . .     Faith    .   w - +1 scale mail {rC+}
rPois    ∞         Spirit   .   c - +0 helmet
rElec    +         Reflect  .   z - +0 cloak
rCorr    .         Harm     +   (no gloves)
MR       .....     Rnd*Tele +   (no boots)
Stlth    +.........             r - amulet of harm
HPRegen  0.14/turn              k - +4 ring of protection
MPRegen  0.10/turn              p - ring of teleportation (curse)

@: brilliant
A: negative energy resistance 1, electricity resistance, unbreathing,
petrification resistance, rot immunity, AC +4
a: no special abilities


You were on level 5 of the Dungeon.
You were not hungry.

You visited 1 branch of the dungeon, and saw 5 of its levels.

You collected 261 gold pieces.

Inventory:

Hand Weapons
 a - a +0 rapier (weapon)
 x - a +3 quarterstaff of chaos
Missiles
 d - 2 throwing nets (quivered)
Armour
 b - a +0 leather armour
 c - a +0 helmet (worn)
 q - a +2 shield (worn)
 w - a +1 scale mail of cold resistance (worn)
 z - a +0 cloak (worn)
Jewellery
 k - a +4 ring of protection (left hand)
 p - a cursed ring of teleportation (right hand)
 r - an amulet of harm (around neck)
Scrolls
 e - 2 scrolls of teleportation {unknown}
 g - a scroll of noise {unknown}
 h - 2 scrolls of fear {unknown}
 i - 5 scrolls of identify {unknown}
 m - 2 scrolls of remove curse {unknown}
 u - a scroll of fog {unknown}
 y - a scroll of random uselessness {unknown}
 B - a scroll of amnesia {unknown}
Potions
 l - a potion of curing
 o - 2 potions of flight
 s - a potion of might {unknown}
 A - a potion of haste
Comestibles
 f - 6 rations
 j - a chunk of flesh


   Skills:
 + Level 4.4 Fighting
 + Level 4.0 Short Blades
 + Level 3.7 Throwing
 + Level 3.3 Armour
 + Level 3.7 Dodging
 + Level 3.7 Stealth
 + Level 1.0 Shields


You had 6 spell levels left.
You didn't know any spells.
Your spell library was empty.

Dungeon Overview and Level Annotations

Branches:
Dungeon (5/15)
 Temple: D:4-7

Altars:
Cheibriados
Dithmenos
Elyvilon
Hepliaklqana
Makhleb
Sif Muna
Trog
Uskayaw
Vehumet

Annotations:
D:5 Eustachio


Innate Abilities, Weirdness & Mutations

You are resistant to torment.
Your stone body is resilient. (AC +4)
You are immune to poison.
You resist negative energy. (rN+)
You are resistant to electric shocks. (rElec)
You can survive without breathing.
You are immune to petrification.
You are immune to rotting.


Message History

It was a potion of resistance.
You feel protected. The orc priest barely misses you.
The orc barely misses you.
It was a potion of cancellation.
Your magical effects are unravelling.
You feel magically purged.
You float gracefully downwards.
Your resistance to elements expires.
The orc priest invokes the aid of Beogh against you.
Beogh smites you!
* * * LOW HITPOINT WARNING * * *
You block the orc's attack.
Throwing (i - inventory)
d - 2 throwing nets (quivered)
Press: ? - help, Shift-Dir - straight line, f - orc priest
Aim: an orc priest, wielding a +0 hand axe (severely wounded)
Okay, then.
It was a potion of brilliance.
You feel clever all of a sudden.
Eustachio mumbles some strange words.
You block the orc priest's attack. The orc hits you with a +0 mace.
You die...

....##.##........##...
.......... #...........
..........###...........
....... #...#...........
.......###..............
........5...............
.....h55................
......o@................
..##o@.............#..
#..........#....##.
#..........##.#.## .
.............#..###
.....##...(....... ###..
#%.........# #.#
#......... .. #..._..._.


You could see Eustachio, an orc priest, a crimson imp, a white imp, an orc, an
ufetubus and a jackal.

Vanquished Creatures
  2 phantoms
  2 crimson imps (D:3)
  A bullfrog zombie (D:5)
  3 orc wizards (D:4)
  A hound (D:4)
  4 orc priests (D:4)
  Crazy Yiuf (D:4)
  3 worker ants
  A hound skeleton (D:3)
  9 adders
  An ooze (D:3)
  2 worms (D:3)
  4 dart slugs
  2 leopard geckos
  21 orcs
  9 bats
  2 giant cockroaches (D:2)
  5 goblins
  9 hobgoblins
  A quokka (D:4)
  A ball python (D:4)
  6 frilled lizards
  A jackal skeleton (D:4)
  11 kobolds
  3 rats
105 creatures vanquished.

Vanquished Creatures (others)
  An ice beast (D:5)
  A giant cockroach (D:5)
2 creatures vanquished.

Grand Total: 107 creatures vanquished

Notes
Turn   | Place    | Note
-------+----------+-------------------------------------------
     0 | D:1      | Borgoz the Gargoyle Gladiator began the quest for the Orb.
     0 | D:1      | Reached XP level 1. HP: 12/12 MP: 1/1
   188 | D:1      | Reached XP level 2. HP: 18/18 MP: 2/2
   739 | D:1      | Reached XP level 3. HP: 19/22 MP: 3/3
   752 | D:1      | Reached skill level 1 in Stealth
   878 | D:2      | Reached skill level 1 in Armour
  1182 | D:2      | Reached XP level 4. HP: 27/27 MP: 4/4
  1365 | D:2      | Found a snail-covered altar of Cheibriados.
  1407 | D:2      | Found a hazy altar of Hepliaklqana.
  1961 | D:3      | Reached XP level 5. HP: 32/32 MP: 5/5
  2018 | D:3      | Found a white marble altar of Elyvilon.
  2057 | D:3      | Found a bloodstained altar of Trog.
  2813 | D:4      | Noticed a phantom
  2844 | D:3      | Reached XP level 6. HP: 35/37 MP: 6/6
  2969 | D:4      | Killed a phantom
  3160 | D:4      | Reached XP level 7. HP: 18/42 MP: 7/7
  3814 | D:4      | Found a burning altar of Makhleb.
  3814 | D:4      | Found a hide-covered altar of Uskayaw.
  3958 | D:4      | Found a deep blue altar of Sif Muna.
  4129 | D:4      | Found a runed translucent door.
  4130 | D:4      | Noticed Crazy Yiuf
  4495 | D:4      | Killed Crazy Yiuf
  4554 | D:5      | Entered Level 5 of the Dungeon
  4718 | D:5      | Reached skill level 1 in Shields
  4743 | D:5      | Found a shadowy altar of Dithmenos.
  4743 | D:5      | Found a radiant altar of Vehumet.
  4748 | D:5      | Noticed Eustachio
  4757 | D:5      | Slain by an orc

Levels and vault maps discovered:
D:1:      lordsloth_arrival_two_stooges, layout_loops_ring
D:2:      layout_loops_ring, overflow_temple_1_default, lemuel_round_altar
D:3:      layout_basic, lightli_temple_of_fire, nicolae_overflow_hidden_temple
D:4:      layout_gridville, nicolae_overflow_crystal_walls,
          gammafunk_temple_overflow_elements, uniq_crazy_yiuf_cottage
D:5:      layout_cave_pools, okawaru_metal_pillars_1_2,
          grunt_temple_overflow_open, first_ration, lemuel_flamethrower_2,
          uniq_eustachio

Skill      XL: |  1  2  3  4  5  6  7 |
---------------+----------------------+-----
Throwing       | 2 3 |  3.7
Stealth        | 1 2 3 |  3.7
Armour         | 1 2 3 |  3.3
Short Blades   | 3 4 |  4.0
Fighting       | 3 4 |  4.4
Dodging        | 3 |  3.7
Shields        | 1 |  1.0

Action                   |  1- 3 |  4- 6 |  7- 9 || total
-------------------------+-------+-------+-------++-------
Melee: Rapier            |   132 |   262 |   176 ||   570
Throw: Throwing net      |       |       |     2 ||     2
  Use: Potion            |       |     1 |     6 ||     7
 Stab: Sleeping          |     2 |     3 |       ||     5
  Eat: Chunk             |       |     8 |     5 ||    13
Armor: Leather armour    |    62 |   138 |    39 ||   239
       Skin              |       |     3 |    12 ||    15
       Scale mail        |       |       |    36 ||    36
Dodge: Dodged            |    80 |   174 |    88 ||   342
Block: Shield            |       |       |    50 ||    50

Table legend:
 A = Non-vault XP
 B = Vault XP
 C = Vault XP percentage of total XP
 D = Non-vault monster count
 E = Vault monster count
 F = Vault count percentage of total count
                 A         B        C        D         E       F
            +---------+---------+-------+---------+---------+-------
      Total |    1136 |      40 |   3.4 |     104 |       1 |   1.0
            +---------+---------+-------+---------+---------+-------
        D:1 |      37 |       0 |   0.0 |      20 |       0 |   0.0
        D:2 |      76 |       0 |   0.0 |      23 |       0 |   0.0
        D:3 |     224 |       0 |   0.0 |      27 |       0 |   0.0
        D:4 |     582 |      40 |   6.4 |      29 |       1 |   3.3
        D:5 |     217 |       0 |   0.0 |       5 |       0 |   0.0
            +---------+---------+-------+---------+---------+-------
